[Event "Titled Tuesday Blitz May 03 Early 2022"]
[White "Bartel, Michal"]
[Black "Xu, Yi"]
[WhiteFideId "1119257"]
[BlackFideId "8605564"]
[WhiteElo "2211"]
[BlackElo "2471"]
[Result "1/2-1/2"]
[Round "11"]
[TimeControl "180+1"]
[Date "2022.05.03"]
[WhiteClock "0:00:16"]
[BlackClock "0:00:06"]

1. e4 c5 2. Ne2 Nf6 3. Nbc3 d6 4. g3 g6 5. Bg2 Nc6 6. d4 cxd4 7. Nxd4 Nxd4 8. Qxd4 Bg7 9. O-O O-O 10. h3 Bd7 11. Qd3 Rc8 12. Be3 a6 13. Rac1 b5 14. Rfe1 b4 15. Nd1 Qa5 16. Ra1 Bb5 17. Qd2 Bc6 18. f3 Qb5 19. a3 a5 20. axb4 axb4 21. Bf1 Qb8 22. Ba7 Qb7 23. Bd4 Ra8 24. Nf2 Rfc8 25. Nd3 b3 26. c3 e5 27. Be3 d5 28. Nxe5 dxe4 29. Nxc6 Qxc6 30. Rxa8 Rxa8 31. fxe4 Nxe4 32. Qg2 f5 33. Bd3 Rd8 34. Bb1 Qc4 35. Bf4 Re8 36. Qe2 Qxe2 37. Rxe2 Kf7 38. Bd3 Rc8 39. Bxe4 fxe4 40. Rxe4 Bf8 41. Ra4 Rxc3 42. bxc3 Bc5+ 43. Kg2 b2 44. Ra5 b1=Q 45. Rxc5 Qc2+ 46. Kf3 Qd1+ 47. Kf2 Qc2+ 48. Kf3 Qd3+ 49. Be3 Qf1+ 50. Bf2 Qxh3 51. Re5 Qh1+ 52. Ke2 Qc6 53. Re3 Qc4+ 54. Kf3 h5 55. Be1 Kf6 56. Re4 Qd3+ 57. Re3 Qf1+ 58. Ke4 Ke6 59. c4 Qf5+ 60. Kd4+ Kd7 61. Bb4 Qg4+ 62. Kd3 Qd1+ 63. Bd2 Qb3+ 64. Kd4 Qb6+ 65. Kd3 Qd6+ 66. Ke2 Qf6 67. Bc3 Qf5 68. Rd3+ Kc6 69. Rd4 Qc2+ 70. Bd2 Qf5 71. Rf4 Qe6+ 72. Kd3 g5 73. Re4 Qd6+ 74. Kc2 Qxg3 75. Bc3 Qg2+ 76. Kd3 Qf3+ 77. Re3 Qf1+ 78. Kd4 Qf4+ 79. Re4 Qf2+ 80. Kd3 Qf1+ 81. Kd4 Qf6+ 82. Kd3 Qd6+ 83. Rd4 Qg3+ 84. Kc2 h4 85. Rd3 Qg2+ 86. Rd2 Qe4+ 87. Kb3 h3 88. Rf2 g4 89. Rf6+ Kd7 90. Rh6 Qg2 91. c5 h2 92. c6+ Qxc6 93. Rxh2 g3 94. Rh7+ Ke8 95. Rh8+ Kf7 96. Rh7+ Kg6 97. Rg7+ Kf5 98. Rxg3 Qb6+ 99. Ka2 Qa6+ 100. Kb1 Qb6+ 101. Bb2 Qf2 102. Rc3 Qe1+ 103. Kc2 Qe2+ 104. Kb3 Ke4 105. Rc4+ Kd5 106. Rc3 Qd1+ 107. Ka3 Qd4 108. Kb3 Qb6+ 109. Kc2 Ke4 110. Rc4+ Kf3 111. Rc3+ Ke2 112. Bc1 Qb4 113. Re3+ Kf2 114. Rc3 Qa4+ 115. Kb2 Ke2 116. Rc2+ Kd3 117. Rc3+ Kd4 118. Be3+ Kd5 119. Bc1 Qb4+ 120. Kc2 Ke4 121. Bd2 Qa4+ 122. Kc1 Kd4 123. Kb2 Qb4+ 124. Kc2 Qa4+ 125. Kb2 Qa6 126. Kc2 Qa2+ 127. Kc1 Qa6 128. Kc2 Qa4+ 129. Kc1 Qa2 130. Re3 Qa1+ 131. Kc2 Kc4 132. Rc3+ Kb5 133. Rb3+ Kc4 134. Rc3+ Kd5 135. Rd3+ Ke4 136. Re3+ Kf5 137. Rc3 Qa2+ 138. Kc1 Ke4 139. Re3+ Kd4 140. Rc3 Qa4 141. Re3 Qc4+ 142. Rc3 Qa2 143. Re3 Kc4 144. Rc3+ Kb5 145. Re3 Ka4 146. Rc3 Qa1+ 147. Kc2 Qa2+ 148. Kc1 1/2-1/2


[Site "https://www.chess.com"]

[Event "Titled Tuesday Blitz May 03 Early 2022"]
[White "Bifulco, Michel"]
[Black "Terzi, Alexei"]
[WhiteFideId "828580"]
[BlackFideId "13505076"]
[WhiteElo "2165"]
[BlackElo "2031"]
[Result "0-1"]
[Round "11"]
[TimeControl "180+1"]
[Date "2022.05.03"]
[WhiteClock "0:00:08"]
[BlackClock "0:00:24"]

1. d4 e6 2. Nc3 Nf6 3. Bf4 d5 4. Nb5 Na6 5. e3 Be7 6. Nf3 O-O 7. c4 c5 8. Bd3 cxd4 9. Nfxd4 dxc4 10. Bxc4 Qa5+ 11. Nc3 Rd8 12. Qb3 e5 13. Bxf7+ Kh8 14. Ne6 Bxe6 15. Qxe6 Nc5 16. Qxe7 Rd7 17. Qxd7 Nfxd7 18. Bg3 Nd3+ 19. Ke2 Nxb2 20. Rac1 Rf8 21. Bb3 Qa6+ 22. Kd2 Nc5 23. Kc2 Nbd3 24. Rcd1 Qg6 25. e4 Nxf2 26. Rhf1 Ncxe4 27. Nxe4 Qxe4+ 0-1


[Site "https://www.chess.com"]

[Event "Titled Tuesday Blitz May 03 Early 2022"]
[White "Bortnyk, Olexandr"]
[Black "Bluebaum, Matthias"]
[WhiteFideId "14120828"]
[BlackFideId "24651516"]
[WhiteElo "2723"]
[BlackElo "2550"]
[Result "1-0"]
[Round "11"]
[TimeControl "180+1"]
[Date "2022.05.03"]
[WhiteClock "0:00:48"]
[BlackClock "0:00:24"]

1. d4 Nf6 2. Nc3 d5 3. Bf4 c5 4. e4 dxe4 5. d5 g6 6. Nge2 Bg7 7. Ng3 O-O 8. Be2 Nbd7 9. Qd2 Nb6 10. O-O-O Bd7 11. h4 h5 12. Bh6 Na4 13. Nxa4 Bxa4 14. Bxg7 Kxg7 15. Qg5 Kh7 16. Bxh5 Nxh5 17. Nxh5 f6 18. Qe3 Bb3 19. Nf4 Bxa2 20. h5 g5 21. Ne6 Qa5 22. Qxe4+ f5 23. Nxf8+ Rxf8 24. Qxe7+ Kg8 25. h6 Rf7 26. Qe8+ Kh7 27. Qxf7+ Kh8 28. Qg7# 1-0


[Site "https://www.chess.com"]

[Event "Titled Tuesday Blitz May 03 Early 2022"]
[White "Buscar, Michael"]
[Black "Ratnakaran, K."]
[WhiteFideId "2603616"]
[BlackFideId "5005507"]
[WhiteElo "2010"]
[BlackElo "2407"]
[Result "0-1"]
[Round "11"]
[TimeControl "180+1"]
[Date "2022.05.03"]
[WhiteClock "0:00:07"]
[BlackClock "0:01:20"]

1. d4 c5 2. d5 Nf6 3. g3 e6 4. c4 exd5 5. cxd5 d6 6. Bg2 g6 7. Nc3 Bg7 8. Nf3 O-O 9. O-O a6 10. a4 Re8 11. Nd2 Nbd7 12. Nc4 Nb6 13. Nxb6 Qxb6 14. a5 Qc7 15. Bf4 Rb8 16. Na4 Nh5 17. Qd2 Bg4 18. Rfe1 Nxf4 19. gxf4 Qe7 20. e3 Qh4 21. Nb6 Qh5 22. Nc4 Rbd8 23. Ra3 Kh8 24. Rb3 Rd7 25. Nb6 Rc7 26. Nc4 Bf8 27. e4 Kg8 28. e5 dxe5 29. fxe5 Bh6 30. f4 g5 31. Nd6 Rd8 32. Ne4 Kh8 33. Nf6 Qh4 34. Rg3 Bf5 35. fxg5 Bg7 36. d6 Rc6 37. Bxc6 bxc6 38. Rf1 Bxf6 39. gxf6 Bg6 40. Qf4 Qh5 41. Qg5 Qe2 42. Rg2 Qe4 43. Qh6 Rg8 44. d7 Qd4+ 45. Kh1 Qxd7 46. Qf4 Qd5 47. Qe3 Be4 0-1


[Site "https://www.chess.com"]

[Event "Titled Tuesday Blitz May 03 Early 2022"]
[White "Cherniaiev, Tykhon"]
[Black "Andreev, Eduard"]
[WhiteFideId "14182360"]
[BlackFideId "14103400"]
[WhiteElo "2289"]
[BlackElo "2382"]
[Result "1-0"]
[Round "11"]
[TimeControl "180+1"]
[Date "2022.05.03"]
[WhiteClock "0:00:04"]
[BlackClock "0:00:05"]

1. Nf3 c5 2. c4 Nc6 3. g3 g6 4. Bg2 Bg7 5. O-O e5 6. Nc3 d6 7. e3 Nge7 8. d4 exd4 9. exd4 O-O 10. dxc5 dxc5 11. Bg5 h6 12. Be3 Qa5 13. Nd5 Be6 14. Nxe7+ Nxe7 15. Qd6 Nf5 16. Qxc5 Qxc5 17. Bxc5 Rfc8 18. Ba3 Rxc4 19. Nd2 Rc2 20. Ne4 Rd8 21. Rad1 Rxd1 22. Rxd1 Bxb2 23. Rd8+ Kh7 24. Bxb2 Rxb2 25. h4 Kg7 26. Nc5 Bxa2 27. Nxb7 Rb1+ 28. Kh2 Rb2 29. Kg1 Be6 30. Ra8 Rb1+ 31. Kh2 Ra1 32. Nc5 Bc4 33. Rc8 Ra2 34. Kg1 Nd4 35. Rc7 a5 36. Ne4 Be6 37. Nc5 Bg4 38. Bd5 Nf3+ 39. Kg2 Ne5 40. Bxa2 Bf3+ 41. Kg1 Be4 42. Nxe4 Kf8 43. Nd6 Kg7 44. Nxf7 Kf6 45. Nxe5 Kxe5 46. Rc5+ 1-0


[Site "https://www.chess.com"]

[Event "Titled Tuesday Blitz May 03 Early 2022"]
[White "Clawitter, Craig"]
[Black "Avazkhonov, Alikhon"]
[WhiteFideId "2023105"]
[BlackFideId "14208504"]
[WhiteElo "2281"]
[BlackElo "1739"]
[Result "0-1"]
[Round "11"]
[TimeControl "180+1"]
[Date "2022.05.03"]
[WhiteClock "0:00:01"]
[BlackClock "0:00:04"]

1. e4 c6 2. Nf3 d5 3. e5 Bf5 4. d4 e6 5. Be2 Nd7 6. O-O h6 7. Nbd2 Ne7 8. Re1 Ng6 9. Nf1 Be7 10. Ne3 Be4 11. Nd2 Nf4 12. Nxe4 dxe4 13. Bf1 c5 14. dxc5 O-O 15. Nc4 Ng6 16. Rxe4 Nxc5 17. Rd4 Qc7 18. f4 Rad8 19. Be3 f5 20. Nd6 Bxd6 21. exd6 Qc6 22. b4 Ne4 23. b5 Qc3 24. Rd3 Qa5 25. c4 b6 26. Qc2 Rd7 27. Rad1 Rfd8 28. a4 Rxd6 29. Rd5 exd5 30. cxd5 Kh7 31. Bc4 Nc5 32. g4 Qxa4 33. Qxf5 Qxd1+ 34. Kg2 Qa4 35. h4 Rf6 36. Qb1 Qxc4 37. Bxc5 Qe4+ 0-1


[Site "https://www.chess.com"]

[Event "Titled Tuesday Blitz May 03 Early 2022"]
[White "Coto Mederos, Michel"]
[Black "Bintang, Rasyid A. Hidayat"]
[WhiteFideId "3508528"]
[BlackFideId "7105355"]
[WhiteElo "2427"]
[BlackElo "2434"]
[Result "1-0"]
[Round "11"]
[TimeControl "180+1"]
[Date "2022.05.03"]
[WhiteClock "0:00:33"]
[BlackClock "0:00:38"]

1. c4 Nf6 2. Nc3 e5 3. Nf3 Nc6 4. e4 Bc5 5. Nxe5 Bxf2+ 6. Kxf2 Nxe5 7. d4 Neg4+ 8. Kg1 d6 9. h3 Nh6 10. Bd3 Nhg8 11. Kh2 Ne7 12. Rf1 Ng6 13. Bg5 h6 14. Bxf6 gxf6 15. Nd5 O-O 16. Nxf6+ Kg7 17. Nh5+ Kg8 18. Qd2 Kh7 19. Rf3 Qh4 20. Nf4 Qg5 21. Raf1 Bd7 22. e5 dxe5 23. Rg3 Qxg3+ 24. Kxg3 exf4+ 25. Rxf4 Kg7 26. Rf2 f5 27. Kh2 f4 28. Bxg6 Kxg6 29. Rxf4 Rfe8 30. Qd3+ Kg7 31. Qg3+ 1-0


[Site "https://www.chess.com"]

[Event "Titled Tuesday Blitz May 03 Early 2022"]
[White "Csonka, Balazs"]
[Black "Todorovic, Bojan"]
[WhiteFideId "742910"]
[BlackFideId "917087"]
[WhiteElo "2404"]
[BlackElo "2266"]
[Result "0-1"]
[Round "11"]
[TimeControl "180+1"]
[Date "2022.05.03"]
[WhiteClock "0:00:09"]
[BlackClock "0:00:02"]

1. e4 g6 2. d4 Bg7 3. Nc3 d6 4. Be3 a6 5. Qd2 Nd7 6. Nf3 b5 7. O-O-O Bb7 8. Bd3 Ngf6 9. e5 Nd5 10. Nxd5 Bxd5 11. Bh6 O-O 12. h4 Bxf3 13. gxf3 dxe5 14. h5 Bf6 15. f4 exd4 16. f5 g5 17. Bxg5 Bxg5 18. Qxg5+ Kh8 19. Rdg1 Rg8 20. Qf4 Nf6 21. h6 Qd6 22. Qh4 Qe5 23. Re1 Qd6 24. Rhg1 Rad8 25. f4 c5 26. Rg7 c4 27. Bf1 c3 28. Kb1 d3 29. bxc3 dxc2+ 30. Kxc2 Qa3 31. Ra1 Qa4+ 0-1


[Site "https://www.chess.com"]

[Event "Titled Tuesday Blitz May 03 Early 2022"]
[White "Dauner, Benedikt"]
[Black "Zhu, Jiner"]
[WhiteFideId "16225899"]
[BlackFideId "8608059"]
[WhiteElo "2230"]
[BlackElo "2281"]
[Result "1-0"]
[Round "11"]
[TimeControl "180+1"]
[Date "2022.05.03"]
[WhiteClock "0:00:11"]
[BlackClock "0:00:02"]

1. b3 d5 2. Bb2 e6 3. e3 Nf6 4. c4 Be7 5. Nf3 O-O 6. Be2 b6 7. O-O Bb7 8. cxd5 exd5 9. d3 Nbd7 10. Nbd2 Re8 11. a3 c5 12. Re1 Bd6 13. Nf1 Qe7 14. Ng3 Qe6 15. Ng5 Qe7 16. Nf5 Qf8 17. Qc2 h6 18. Nf3 Rac8 19. Rac1 Bb8 20. Qb1 Ne5 21. Qa1 Nfd7 22. d4 Nxf3+ 23. Bxf3 g6 24. Ng3 cxd4 25. Bxd4 Ne5 26. Be2 Qd6 27. Rxc8 Rxc8 28. Rc1 Rxc1+ 29. Qxc1 h5 30. h3 h4 31. Nf1 Kh7 32. Bb2 Qc5 33. Qd2 Nd7 34. b4 Qe7 35. Bb5 Ne5 36. Qd4 Qg5 37. Be2 Qf5 38. f4 f6 39. fxe5 fxe5 40. Qxh4+ Kg8 41. Qd8+ Qf8 42. Qd7 Qf7 43. Qxf7+ Kxf7 44. Bf3 Ke6 45. Kf2 Bc6 46. Nd2 Bd6 47. Bg4+ Ke7 48. Nf3 Kf6 49. h4 Bb7 50. Bh3 Ba6 51. g4 Bd3 52. g5+ Kg7 53. Nxe5 1-0


[Site "https://www.chess.com"]

[Event "Titled Tuesday Blitz May 03 Early 2022"]
[White "De Souza, Cristiano Gomes"]
[Black "Van den Dikkenberg, Erik"]
[WhiteFideId "2151758"]
[BlackFideId "1005880"]
[WhiteElo "2068"]
[BlackElo "2118"]
[Result "0-1"]
[Round "11"]
[TimeControl "180+1"]
[Date "2022.05.03"]
[WhiteClock "0:01:33"]
[BlackClock "0:01:02"]

1. d4 Nf6 2. c4 g6 3. Nf3 Bg7 4. Nc3 O-O 5. e4 d6 6. Be2 Na6 7. O-O e5 8. Be3 Bg4 9. d5 Bxf3 10. Bxf3 Nc5 11. b4 Na6 12. a3 Qe7 13. Rc1 c6 14. dxc6 bxc6 15. b5 cxb5 16. cxb5 Nc5 17. Nd5 Nxd5 18. Qxd5 Ne6 19. Rc6 Rfd8 20. Rd1 Nd4 21. a4 Rab8 22. Rc4 Rbc8 23. Rdc1 Rxc4 24. Rxc4 h5 25. Kf1 Qh4 26. Bxd4 exd4 27. h3 Qf4 28. Rc7 h4 29. Ke2 Bh6 30. Qa2 d5 31. Rxa7 dxe4 0-1


[Site "https://www.chess.com"]

[Event "Titled Tuesday Blitz May 03 Early 2022"]
[White "Deac, Bogdan-Daniel"]
[Black "Donchenko, Alexander"]
[WhiteFideId "1226380"]
[BlackFideId "24603295"]
[WhiteElo "2648"]
[BlackElo "2539"]
[Result "1/2-1/2"]
[Round "11"]
[TimeControl "180+1"]
[Date "2022.05.03"]
[WhiteClock "0:00:05"]
[BlackClock "0:00:08"]

1. e4 c6 2. Nf3 d5 3. d3 dxe4 4. dxe4 Qxd1+ 5. Kxd1 Nf6 6. Nfd2 h5 7. h4 Ng4 8. Ke1 g6 9. Nc4 Nd7 10. f3 Nge5 11. Nbd2 Bh6 12. a4 f6 13. a5 Kf7 14. c3 Rd8 15. Be2 Nxc4 16. Nxc4 Bxc1 17. Rxc1 Nc5 18. b4 Ne6 19. g3 Nc7 20. Ne3 e5 21. Kf2 Be6 22. Rhd1 Ke7 23. c4 b6 24. Rxd8 Rxd8 25. axb6 axb6 26. Ra1 Ra8 27. Rxa8 Nxa8 28. f4 Nc7 29. f5 Bf7 30. c5 bxc5 31. bxc5 gxf5 32. Nxf5+ Kf8 33. Nd6 Bg6 34. Bc4 Ke7 35. Ke3 Kd7 36. g4 hxg4 37. Be2 Bh5 38. Nf5 Ne6 39. Ng3 Bg6 40. Bxg4 Ke7 41. Bxe6 Kxe6 42. Kf3 Kf7 43. Kg4 Kg7 44. Nf5+ Kf7 45. h5 Bh7 46. Nd6+ Ke6 47. Kh4 Ke7 48. h6 Ke6 49. Kh5 Ke7 50. Nf5+ Ke6 51. Nd6 Ke7 52. Kg4 Ke6 53. Kf3 Ke7 54. Ke3 Ke6 55. Kd3 Kd7 56. Kc4 Ke6 57. Kb4 f5 58. Nxf5 Kf6 59. Ka5 Kg5 60. Kb6 Bxf5 61. exf5 Kxh6 62. f6 e4 63. Kxc6 e3 64. f7 Kg7 65. f8=Q+ Kxf8 66. Kb7 e2 67. c6 e1=Q 68. c7 Qb4+ 69. Ka8 Qa5+ 70. Kb8 Qb6+ 71. Ka8 Qc6+ 72. Kb8 Qd6 73. Ka8 Qa6+ 74. Kb8 Qb6+ 75. Ka8 Qxc7 1/2-1/2


[Site "https://www.chess.com"]

[Event "Titled Tuesday Blitz May 03 Early 2022"]
[White "Delorme, Alban"]
[Black "Ciorgovean, Iustin"]
[WhiteFideId "623636"]
[BlackFideId "1242911"]
[WhiteElo "2197"]
[BlackElo "2075"]
[Result "0-1"]
[Round "11"]
[TimeControl "180+1"]
[Date "2022.05.03"]
[WhiteClock "0:02:16"]
[BlackClock "0:02:17"]

1. d4 Nf6 2. Nf3 c5 3. c4 cxd4 4. Nxd4 e5 5. Nb5 d5 6. cxd5 Bc5 7. N5c3 O-O 8. e3 Nbd7 9. Bd3 a6 10. Kf1 Re8 11. Nd2 b5 12. Nde4 Nxe4 13. Nxe4 Bf8 14. Qh5 g6 15. Qf3 f5 16. Nc3 e4 17. Nxe4 fxe4 18. Bxe4 Nf6 19. Bd3 Qxd5 20. Qxd5+ Nxd5 21. Bd2 Bb7 22. Rc1 Rad8 23. Ba5 Nxe3+ 0-1


[Site "https://www.chess.com"]

[Event "Titled Tuesday Blitz May 03 Early 2022"]
[White "Dubov, Daniil"]
[Black "Kazakouski, Valery"]
[WhiteFideId "24126055"]
[BlackFideId "13507443"]
[WhiteElo "2791"]
[BlackElo "2524"]
[Result "1/2-1/2"]
[Round "11"]
[TimeControl "180+1"]
[Date "2022.05.03"]
[WhiteClock "0:00:23"]
[BlackClock "0:00:14"]

1. e4 c5 2. Nc3 a6 3. Nf3 e6 4. d4 b5 5. d5 d6 6. dxe6 fxe6 7. Ng5 Nc6 8. f4 Be7 9. h4 Nf6 10. g4 b4 11. Ne2 h6 12. Nf3 Nxe4 13. Bg2 d5 14. O-O O-O 15. Be3 Bxh4 16. g5 hxg5 17. fxg5 Rxf3 18. Rxf3 Bxg5 19. Ng3 Bxe3+ 20. Rxe3 Qg5 21. Qe1 Nf6 22. Rxe6 Bxe6 23. Qxe6+ Kh7 24. Qxc6 Qe3+ 25. Kh2 Rh8 26. Bh3 Qf2+ 27. Kh1 Qxg3 28. Qe6 Qf3+ 29. Kh2 Qf4+ 30. Kg2 Qe4+ 31. Qxe4+ dxe4 32. Rh1 Rd8 33. Kf2 Rd2+ 34. Ke3 Rxc2 35. Be6+ Kg6 36. Rg1+ Kh6 37. Rh1+ Nh5 38. Kxe4 Rxb2 39. Bf7 g6 40. Rg1 Re2+ 41. Kf3 Re7 42. Bxg6 Rg7 43. Rc1 Rxg6 44. Rxc5 Rb6 45. Ke4 Nf6+ 46. Kd4 Kg6 47. Ra5 Nd7 48. Rd5 Nf6 49. Ra5 Kf7 50. Kc4 Ke6 51. Rg5 Kd6 52. Rg6 Ke7 53. Rg7+ Ke6 54. Rg6 Kf5 55. Rg7 Ne4 56. Re7 Nd6+ 57. Kc5 Kf6 58. Kxb6 Kxe7 59. Kxa6 Ke6 60. Ka5 Kd5 61. Kxb4 Kc6 62. Ka5 Kb7 63. Kb4 Nc8 64. Ka4 Na7 65. Kb4 Nc6+ 66. Kb5 Na7+ 67. Kc5 Nc6 68. Kb5 Na7+ 69. Kb4 Nc6+ 70. Ka4 Na7 71. a3 Nc6 72. Kb3 Na7 73. Kc4 Nc6 74. a4 Na7 75. Kc5 Nc6 76. a5 Nxa5 1/2-1/2


[Site "https://www.chess.com"]

[Event "Titled Tuesday Blitz May 03 Early 2022"]
[White "Estrada Nieto, Julian"]
[Black "Vifleemskaia, Svetlana"]
[WhiteFideId "5101018"]
[BlackFideId "4129490"]
[WhiteElo "2252"]
[BlackElo "1901"]
[Result "0-1"]
[Round "11"]
[TimeControl "180+1"]
[Date "2022.05.03"]
[WhiteClock "0:00:32"]
[BlackClock "0:01:00"]

1. e4 e5 2. Nf3 Nc6 3. Bb5 a6 4. Bxc6 dxc6 5. O-O Ne7 6. Nxe5 Qd4 7. Nf3 Qxe4 8. Re1 Qg6 9. Ne5 Qf5 10. d4 Be6 11. Nc3 O-O-O 12. g4 Qf6 13. Ne4 Qh4 14. Bg5 Qh3 15. Re3 Qxe3 16. fxe3 f6 17. Nc5 Bg8 18. c3 fxe5 19. Qf3 h6 20. Bh4 g5 21. Bg3 exd4 22. exd4 Bd5 23. Qe2 Ng6 24. Rf1 Bxc5 25. dxc5 Rhf8 26. Rxf8 Rxf8 27. c4 Bf3 28. Qe6+ Kb8 29. Qxg6 Be2 30. Qxh6 Rf1+ 0-1


[Site "https://www.chess.com"]

[Event "Titled Tuesday Blitz May 03 Early 2022"]
[White "Ezat, Mohamed"]
[Black "Srihari L R"]
[WhiteFideId "10600906"]
[BlackFideId "46617116"]
[WhiteElo "2386"]
[BlackElo "2121"]
[Result "1-0"]
[Round "11"]
[TimeControl "180+1"]
[Date "2022.05.03"]
[WhiteClock "0:00:16"]
[BlackClock "0:00:02"]

1. d4 d5 2. c4 e6 3. Nc3 Nf6 4. cxd5 Nxd5 5. e4 Nxc3 6. bxc3 c5 7. a3 e5 8. dxe5 Qxd1+ 9. Kxd1 Nc6 10. Bb5 Bd7 11. Nf3 Nxe5 12. Bxd7+ Nxd7 13. Kc2 Be7 14. Rd1 O-O-O 15. Bf4 Rhe8 16. a4 h6 17. a5 Bf8 18. e5 Nb8 19. Rxd8+ Rxd8 20. Bg3 Nc6 21. Nd2 Rd7 22. Nc4 Nd8 23. a6 b5 24. Nb6+ axb6 25. a7 Rxa7 26. Rxa7 c4 27. e6 Nxe6 28. Rxf7 b4 29. Be5 b5 30. f4 g6 31. g4 b3+ 32. Kb2 b4 33. f5 gxf5 34. gxf5 Nc5 35. Rxf8+ Kd7 36. Bd4 Na4+ 37. Kb1 bxc3 38. Ra8 c2+ 39. Kc1 b2+ 40. Bxb2 Nc5 41. Ba3 1-0


[Site "https://www.chess.com"]

[Event "Titled Tuesday Blitz May 03 Early 2022"]
[White "Fedoseev, Vladimir"]
[Black "Sarana, Alexey"]
[WhiteFideId "24130737"]
[BlackFideId "24133795"]
[WhiteElo "2726"]
[BlackElo "2666"]
[Result "1/2-1/2"]
[Round "11"]
[TimeControl "180+1"]
[Date "2022.05.03"]
[WhiteClock "0:00:06"]
[BlackClock "0:00:09"]

1. d4 Nf6 2. c4 e6 3. Nf3 d5 4. g3 c6 5. Nbd2 Nbd7 6. Bg2 Bd6 7. O-O O-O 8. Re1 Qe7 9. e4 dxe4 10. Nxe4 Nxe4 11. Rxe4 Nf6 12. Re2 Rd8 13. Qc2 h6 14. c5 Bc7 15. Bd2 Bd7 16. b4 a5 17. bxa5 Bxa5 18. Rb1 Bxd2 19. Rxd2 Ra7 20. Ne5 Bc8 21. Qb3 Qc7 22. Qb6 Qxb6 23. cxb6 Ra4 24. Bxc6 bxc6 25. b7 Bxb7 26. Rxb7 c5 27. Nxf7 Rdxd4 28. Re2 Re4 29. Rxe4 Nxe4 30. Nd8 e5 31. Ne6 g5 32. f3 Nd2 33. Rg7+ Kh8 34. Rf7 c4 35. Kf2 Rxa2 36. Ke3 c3 37. Rc7 Ra3 38. Nd8 h5 39. Nf7+ Kg8 40. Nxg5 Nf1+ 41. Ke4 Nxh2 42. Kf5 c2 43. Rc8+ Kg7 44. Rc7+ Kg8 45. Kg6 Kf8 46. Rxc2 Nxf3 47. Rf2 e4 48. Nxe4 Ke7 49. Kxh5 Ne5 50. Rf5 Ke6 51. Rf4 Ra1 52. Ng5+ Ke7 53. Ne4 Ke6 54. Kg5 Nf7+ 55. Kg4 Ne5+ 56. Kh3 Rh1+ 57. Kg2 Ra1 58. Ng5+ Ke7 59. Nf3 Ra2+ 60. Kh3 Nd3 61. Rf5 Nf2+ 62. Kh4 Ra4+ 63. Kh5 Ne4 64. Kg4 Nf2+ 65. Kh5 Ne4 66. Kg4 Nf2+ 67. Kg5 Rg4+ 68. Kh5 Rxg3 69. Nh4 Ne4 70. Re5+ Kd7 71. Rxe4 Rd3 72. Nf5 Rd5 73. Kg6 Rd1 74. Kf6 Rf1 75. Rc4 Rf2 76. Rd4+ Kc6 77. Ke5 Re2+ 78. Kf6 Re1 79. Rd8 Kc5 80. Ng3 Re3 81. Nh5 Re1 82. Ng7 Kc6 83. Ne6 Rh1 84. Ke5 Rh5+ 85. Ke4 Rh4+ 86. Kd3 Rh1 87. Kc4 Rc1+ 88. Kb3 Rb1+ 89. Kc3 Rc1+ 90. Kb2 Rh1 91. Rd3 Re1 92. Kc3 Rxe6 93. Kc4 Rd6 94. Rd4 Rxd4+ 95. Kxd4 1/2-1/2


[Site "https://www.chess.com"]

[Event "Titled Tuesday Blitz May 03 Early 2022"]
[White "Fiorito, Fabian"]
[Black "Dronavalli, Harika"]
[WhiteFideId "100200"]
[BlackFideId "5015197"]
[WhiteElo "2395"]
[BlackElo "2382"]
[Result "1/2-1/2"]
[Round "11"]
[TimeControl "180+1"]
[Date "2022.05.03"]
[WhiteClock "0:00:18"]
[BlackClock "0:00:33"]

1. d4 Nf6 2. Nc3 c5 3. d5 g6 4. e4 d6 5. Nf3 Bg7 6. Bc4 O-O 7. O-O Na6 8. h3 Nc7 9. a4 b6 10. Re1 a6 11. e5 dxe5 12. Nxe5 Bb7 13. Nc6 Bxc6 14. dxc6 Qe8 15. Qf3 e5 16. Bg5 Ne6 17. Bxf6 Nd4 18. Qd5 Bxf6 19. Ne4 Bg7 20. c7 Qe7 21. Qb7 Rac8 22. Rac1 Qxc7 23. Qxc7 Rxc7 24. c3 Nc6 25. Bxa6 Na5 26. Rcd1 Ra7 27. Bb5 c4 28. Rd6 Rb7 29. Red1 h6 30. R6d5 f5 31. Nd6 Rc7 32. f3 Kh7 33. Ba6 Ra8 34. Bb5 Rb8 35. Ne8 Re7 36. Nd6 h5 37. Nxc4 Nxc4 38. Bxc4 Rc7 39. b3 e4 40. fxe4 fxe4 41. Re1 Re7 42. Re3 Bh6 43. Re2 Bg7 44. Re3 Rf8 45. Re2 Bxc3 46. Kh2 Bb4 47. Kg1 Bc5+ 48. Kh2 Bb4 49. Kg1 e3 50. Kh2 Rf2 51. Rd1 Rxe2 52. Bxe2 Bd2 53. g3 Rf7 54. Rf1 Rc7 55. Bc4 Kg7 56. Kg2 Re7 57. Kf3 Bb4 58. Ke2 Bc5 59. Rd1 Ra7 60. Rd5 Re7 61. Rd1 Re5 62. Rd5 Rxd5 63. Bxd5 Kf6 64. Kf3 g5 65. Bc4 Ke5 66. Ke2 Kd4 67. Bf7 h4 68. gxh4 gxh4 69. Bc4 Ke4 70. Be6 Kf4 71. Bd7 Bb4 72. Be6 Bd2 73. Bc8 Ke5 74. Bd7 Kd4 75. Be6 Kc3 76. Bf7 Kb4 77. Be6 Kc5 78. Bf7 Kd6 79. Bc4 Ke5 80. Bb5 Kf4 81. Bd7 Bb4 82. Be6 Bc5 83. Bd7 Ke5 84. Be8 Ke6 85. Bb5 Kf6 86. Bc4 Ke7 87. Bd5 Kd6 88. Ba8 Ke5 89. Bb7 Kf4 90. Bc8 Ke4 91. Be6 Kd4 92. Bg8 Bd6 93. Be6 Bf8 94. Bc8 Bh6 95. Be6 Kc3 96. Bc4 Kb4 97. Be6 Kc5 98. Bc8 Bg5 99. Be6 Kd4 100. Bc8 Ke5 101. Bd7 Kd6 102. Bg4 Bf4 103. Bf3 Kc5 104. Bg4 Bg5 105. Be6 Kb4 106. Bf7 Kc3 107. Be6 Bf4 108. Bf7 Bh6 109. Be6 Kb4 110. Bf7 Kc5 111. Be6 Kd6 112. Bg4 Kd5 113. Bc8 Kd4 114. Bg4 Bf8 115. Be6 Bc5 116. Bd7 Kd5 117. Bg4 Kd6 118. Bf5 Kc7 1/2-1/2


[Site "https://www.chess.com"]

[Event "Titled Tuesday Blitz May 03 Early 2022"]
[White "Hansen, Eric"]
[Black "Bocharov, Dmitry"]
[WhiteFideId "2606771"]
[BlackFideId "4138716"]
[WhiteElo "2568"]
[BlackElo "2541"]
[Result "1-0"]
[Round "11"]
[TimeControl "180+1"]
[Date "2022.05.03"]
[WhiteClock "0:00:05"]
[BlackClock "0:00:27"]

1. e4 c5 2. Nf3 d6 3. Bb5+ Nd7 4. c3 Nf6 5. Qe2 a6 6. Ba4 b5 7. Bc2 Bb7 8. O-O c4 9. b3 Qc7 10. Na3 Rc8 11. bxc4 bxc4 12. Rb1 Ba8 13. Rb4 d5 14. e5 Ne4 15. e6 Ndf6 16. Ba4+ Bc6 17. exf7+ Kd8 18. Nd4 Bd7 19. f3 Nc5 20. Bxd7 Qxd7 21. Rb6 Kc7 22. Re6 Kb7 23. Nac2 Nxe6 24. Nxe6 Ka8 25. Ncd4 Qd6 26. Qd1 Nd7 27. Re1 Nc5 28. Ba3 Qb6 29. Bxc5 Rxc5 30. Nxc5 Qxc5 31. Re6 Qa5 32. Qb1 g6 33. Kf1 Qa4 34. Qb6 Bg7 35. Qxa6+ Qxa6 36. Rxa6+ Kb7 37. Re6 Bf6 38. Rxf6 exf6 39. Ne6 1-0


[Site "https://www.chess.com"]

[Event "Titled Tuesday Blitz May 03 Early 2022"]
[White "Harish, Neeraj"]
[Black "Rom, Jasper"]
[WhiteFideId "30958130"]
[BlackFideId "2023733"]
[WhiteElo "1574"]
[BlackElo "2233"]
[Result "1/2-1/2"]
[Round "11"]
[TimeControl "180+1"]
[Date "2022.05.03"]
[WhiteClock "0:00:03"]
[BlackClock "0:00:03"]

1. e4 e6 2. d4 d5 3. Nc3 Nf6 4. Bg5 Bb4 5. e5 h6 6. Be3 Ne4 7. Qg4 Kf8 8. Bd3 Nxc3 9. a3 Ba5 10. Bd2 Na4 11. Bxa5 Nxb2 12. Bb4+ Kg8 13. Be2 Nc6 14. Bc3 Na4 15. Bd2 Ne7 16. Nh3 Bd7 17. Nf4 Kf8 18. Nh5 Ng6 19. Bd3 Qh4 20. Qf3 Qxd4 21. Bxg6 Qxa1+ 22. Ke2 Qxe5+ 23. Kd1 Qa1+ 24. Ke2 Qe5+ 25. Kd1 Be8 26. Re1 Qa1+ 27. Ke2 Bb5+ 28. Bd3 Bxd3+ 29. cxd3 Qxa3 30. Qg4 Nc3+ 31. Kf1 Rg8 32. Rc1 Na2 33. Ra1 Qxd3+ 34. Ke1 Qe4+ 35. Qxe4 dxe4 36. Rxa2 a6 37. Bb4+ Ke8 38. Ng3 f5 39. Ne2 Kf7 40. Rc2 Rgc8 41. Nd4 b6 42. Nc6 a5 43. Bd2 a4 44. Bf4 a3 45. Ra2 b5 46. Kd2 Ra6 47. Ne5+ Ke8 48. Kc3 c5 49. Ng6 Kf7 50. Ne5+ Kf6 51. f3 g5 52. Bg3 f4 53. Ng4+ Kf5 54. Be1 e3 55. Nxh6+ Kg6 56. Ng4 b4+ 57. Kb3 Rb6 58. Ne5+ Kf5 59. Nc4 Rb5 60. g3 e5 61. h4 e4 62. fxe4+ Kxe4 63. hxg5 Kd3 64. gxf4 e2 65. Rd2+ Ke4 66. Rxe2+ Kd5 67. Re5+ Kc6 68. Re6+ Kb7 69. Nd6+ Kc6 70. Nxc8+ Kd5 71. Rd6+ Ke4 72. Re6+ Kd5 73. Re5+ Kc6 74. Ne7+ Kd6 75. Nd5 c4+ 76. Kxc4 Rc5+ 77. Kb3 Rb5 78. Nf6 Rxe5 79. fxe5+ Ke6 80. Kxb4 Kxe5 81. Bc3+ Kf5 82. Kxa3 Kxg5 83. Kb4 Kf5 84. Kc5 Ke6 85. Kd4 Kf5 86. Kd5 Kf4 87. Bd4 Kf5 88. Ne4 Kf4 89. Be3+ Kf5 90. Bd2 Kg4 91. Ke5 Kf3 92. Nc3 Kg4 93. Ke4 Kg3 94. Ne2+ Kg2 95. Ke3 Kf1 96. Nd4 Kg2 97. Nf3 Kf1 98. Nh2+ Kg2 99. Ng4 Kf1 100. Kf3 Kg1 101. Ne3 Kh1 102. Ng4 Kg1 103. Be3+ Kh1 104. Nf2+ Kg1 105. Bf4 Kf1 106. Bd2 Kg1 107. Nh3+ Kh1 108. Kg3 1/2-1/2


[Site "https://www.chess.com"]